 Dungeon Crawl Stone Soup version 0.18.1-6-gd335043 (webtiles) character file.

77 epen the Chiller (level 4, -1/34 HPs)
             Began as a Draconian Ice Elementalist on May 15, 2016.
             Slain by an ogre
             ... wielding a +0 giant spiked club
              (11 damage)
             ... on level 3 of the Dungeon.
             The game lasted 00:06:21 (2088 turns).

epen the Chiller (Draconian Ice Elementalist)       Turns: 2088, Time: 00:06:22

Health: -1/34      AC:  5    Str: 10    XL:     4   Next: 14%
Magic:  8/8        EV:  7    Int: 16    God:
Gold:   134        SH:  0    Dex: 12    Spells: 3 memorised, 2 levels left

rFire  . . .     SeeInvis .     f - +2 whip (freeze)
rCold  . . .     Gourm    .     (armour unavailable)
rNeg   . . .     Faith    .     (no shield)
rPois  .         Spirit   .     (helmet restricted)
rElec  .         Dismiss  .     (no cloak)
rCorr  .         Reflect  .     (no gloves)
SustAt .         Harm     .     (no boots)
MR     .....                    (no amulet)
Stlth  ++........               (no ring)
                                (no ring)

@: not resistant to hostile enchantments, unstealthy
A: unfitting armour, cold-blooded, AC +5
a: no special abilities


You were on level 3 of the Dungeon.
You were hungry.

You visited 1 branch of the dungeon, and saw 3 of its levels.

You collected 134 gold pieces.

Inventory:

Hand Weapons
 f - a +2 whip of freezing (weapon)
Scrolls
 e - a scroll of remove curse {unknown}
 g - 2 scrolls of identify {unknown}
 i - a scroll of random uselessness {unknown}
 l - 4 scrolls of immolation {unknown}
 n - a scroll of magic mapping {unknown}
Potions
 d - 2 potions of heal wounds {unknown}
 j - 2 potions of magic {unknown}
 m - a potion of mutation {unknown}
Books
 a - a book of Frost

   Spells                             Type                      Level
   a - Freeze                         Ice                          1
   b - Throw Frost                    Conjuration/Ice              2
   c - Ozocubu's Armour               Charms/Ice                   3
   d - Throw Icicle                   Conjuration/Ice              4
   e - Summon Ice Beast               Ice/Summoning                4
Comestibles
 b - a bread ration
 c - 3 meat rations
 h - 3 beef jerkies
 k - 5 fruits


   Skills:
 + Level 0.7 Fighting
 + Level 2.1 Dodging
 - Level 1.7 Stealth
 - Level 1.2 Unarmed Combat
 * Level 2.7 Spellcasting
 * Level 1.5 Conjurations
 * Level 3.7 Ice Magic


You had 2 spell levels left.
You knew the following spells:

 Your Spells              Type           Power        Failure   Level  Hunger
a - Freeze                Ice            ##..         6%          1    #......
b - Throw Frost           Conj/Ice       ##....       12%         2    ##.....
c - Ozocubu's Armour      Chrm/Ice       #.......     28%         3    ###....


Dungeon Overview and Level Annotations

Branches:
Dungeon (3/15)

Altars:
Gozag

Annotations:
D:3 hadoken's ghost, amateur HECj


Innate Abilities, Weirdness & Mutations

Your plain brown scales are hard (AC +5).
Your body does not fit into most forms of armour.
You are cold-blooded and may be slowed by cold attacks.


Message History

Found a short sword.
You open the door.
The gnoll shouts!
A gnoll comes into view. It is wielding a halberd.
The ogre barely misses you.
There is an open door here.
Hadoken's ghost turns its malevolent gaze towards you.
Hadoken's ghost closely misses you.
Hadoken's ghost gestures at you while chanting.
The magic dart hits you!
Found a robe.
Hadoken's ghost points at you and mumbles some strange words.
The magic dart hits you!
The ogre hits you with a giant spiked club!
* * * LOW HITPOINT WARNING * * *
Hadoken's ghost adeptly chants a nearly unspeakable incantation.
Hadoken's ghost screams, "They lied to you.
The Dungeon just goes down and down forever."
There is an escape hatch in the ceiling here.
The ogre hits you with a giant spiked club!
You die...

#.....[#..#
#.(....##.#
#......##>######
#########g...........#
#......##W#####.####.#
#.####.##g# #.#
#.<..#.##.# #.#
#...(#.##.# #.#
####.#@##.# #.#
#.#.O..# #.# ########
..


You could see an ogre.

Vanquished Creatures
  3 adders (D:2)
  An ooze (D:2)
  3 dart slugs
  3 goblins (D:1)
  4 hobgoblins
  A quokka (D:2)
  3 bats (D:1)
  2 giant newts (D:1)
  11 kobolds
  18 rats
49 creatures vanquished.

Notes
Turn   | Place    | Note
--------------------------------------------------------------
     0 | D:1      | epen the Draconian Ice Elementalist began the quest for the Orb.
     0 | D:1      | Reached XP level 1. HP: 14/14 MP: 3/3
    80 | D:1      | Reached XP level 2. HP: 8/20 MP: 5/5
   269 | D:1      | Learned a level 2 spell: Throw Frost
   679 | D:1      | Reached skill level 1 in Unarmed Combat
  1227 | D:1      | Reached XP level 3. HP: 27/27 MP: 6/6
  1483 | D:2      | Learned a level 3 spell: Ozocubu's Armour
  1487 | D:2      | Found an opulent altar of Gozag.
  1667 | D:2      | Reached XP level 4. HP: 34/34 MP: 7/7
  1913 | D:3      | Noticed a water moccasin
  1963 | D:3      | Noticed an ogre
  2011 | D:3      | Noticed hadoken's ghost (amateur HECj)
  2088 | D:3      | Slain by an ogre

Skill      XL: |  1  2 |
---------------+-------+-----
Dodging        | 2 |  2.1
Unarmed Combat | 1 |  1.2
Fighting       | |  0.7
Stealth        | |  1.7
Spellcasting   | |  2.7
Conjurations   | |  1.5
Ice Magic      | |  3.7

Action                   |  1- 3 |  4- 6 || total
-------------------------+-------+-------++-------
Melee: Unarmed           |    67 |       ||    67
       Tailslap          |     5 |     2 ||     7
       Whip              |    26 |    13 ||    39
       Punch             |     2 |       ||     2
 Cast: Freeze            |    27 |       ||    27
       Throw Frost       |     8 |     1 ||     9
       Ozocubu's Armour  |     1 |       ||     1
 Stab: Sleeping          |       |     1 ||     1
  Eat: Chunk             |     3 |     1 ||     4
Armor: Skin              |    26 |     1 ||    27
Dodge: Dodged            |    70 |     7 ||    77
